Makabe, lawful male human Samurai --------------------------------- -------- |...............................| |...<..| |.---- .-----.----+--..-----..| ##.......| -.|..|---.|...-.-..| |..|%((|..| # |......| |.|..|((|.|._.|.|..| |..|(((|...#` ### -----|-- |.-|-|((|.|...|.--------.|...|..| # # ##### |....|..|.|*..|....-...|.--|--..+#### # ..{..-|--.----|....|...|........| # ### |..........+ |.--.-----..-----.| ########### # |..@.-|--. | |..|........-.!%|.| # -.-----|-- |.-G-|..|.----|..||---....|.%!|.| |........| |.|. |..|.|.)!|--|...|---.-----.| |........| |.|..|---.-.!*|..|...|.)........| .........| |.|..|....|.[.|..|...|..|.......| |........| |.----....-----|---------.....{.| ---------- |...............................| --------------------------------- Makabe the Ninja Experience level: 7 Strength: 16 Dexterity: 15 Constitution: 18 Intelligence: 10 Wisdom: 9 Charisma: 6 Health: 0(73) Energy: 28(28) Def: 10 Gold: 794 Moves: 2989 Dungeon seed: 9_HmdTMGOG4CmnZS Game ID: Makabe_1476997211 Your Inventory: Coins $ - 794 gold pieces Weapons a - a +0 katana (weapon in hand) c - a +0 yumi d - 24 +0 ya (in quiver) Armor e - an uncursed rustproof +0 splint mail (being worn) n - an uncursed +0 orcish helm q - an uncursed +0 orcish helm (being worn) z - a blessed +1 dwarvish cloak (being worn) N - an uncursed +0 pair of iron shoes (being worn) Comestibles u - 3 uncursed gunyoki B - an uncursed tripe ration C - an uncursed pancake Scrolls g - a cursed scroll of teleportation j - an uncursed scroll of scare monster k - an uncursed scroll of remove curse m - an uncursed scroll of food detection t - an uncursed scroll of fire x - 2 uncursed scrolls of identify A - 2 uncursed scrolls of enchant weapon Potions o - an uncursed potion of healing p - an uncursed potion of fruit juice D - an uncursed potion of confusion H - a potion of unholy water Rings f - a cursed ring of hunger r - a cursed ring of see invisible Tools E - 2 uncursed partly used tallow candles (0:163) F - 2 uncursed wax candles (0:400) G - 3 uncursed tallow candles (0:200) I - 6 blessed tallow candles (0:200) J - an uncursed tin whistle K - an uncursed blindfold Spells and supernatural/magical abilities: Name Level Category Fail Memory W - pray for help -- divine ? -- Your skills at the end: Fighting Skills martial arts [Basic] Weapon Skills short sword [Basic] long sword [Basic] bow [Basic] Spellcasting Skills Final Attributes: You were piously aligned. You were fast. You are dead. Vanquished creatures: 2 large mimics 2 small mimics a gnome king a blue jelly a gnome mummy a shrieker 4 gnome lords 3 gnomish wizards 2 dwarves a homunculus 2 giant bats 3 dwarf zombies 2 gas spores 3 giant rats 16 gnomes a gnome zombie 3 geckos 2 jackals 2 foxes 2 kobolds 3 goblins 3 sewer rats 4 grid bugs 2 bats 3 lichens 2 kobold zombies 2 newts 73 creatures vanquished. Voluntary challenges: You had been an atheist until turn 2778. You used a wielded weapon 126 times, starting on turn 147. You read items or engraved 3 times, starting on turn 1594. You never genocided any monsters. You never polymorphed an object. You never changed form. You used no wishes. You never split a pudding. You wrote Elbereth's name 1 time, starting on turn 1594. You never violated your personal moral code. Dungeon overview: The Dungeons of Doom: levels 1 to 4 Level 1 a long staircase Level 2 some fountains Level 3 a scroll shop Level 4 a general store stairs to The Gnomish Mines The Gnomish Mines: levels 5 to 7 Level 5 stairs to The Dungeons of Doom Level 6 Level 7 <- You were here many shops, a temple to Raijin, some fountains History has recorded: On T:1 you entered the Dungeons of Doom to retrieve the Amulet of Yendor! On T:367 you reached level 2 of The Dungeons of Doom. On T:764 you advanced to experience level 2. On T:981 you reached level 3 of The Dungeons of Doom. On T:1504 you advanced to experience level 3. On T:1595 you advanced to experience level 4. On T:1913 you reached level 4 of The Dungeons of Doom. On T:1947 you advanced to experience level 5. On T:2147 you reached level 1 of The Gnomish Mines. On T:2342 you reached level 2 of The Gnomish Mines. On T:2353 you advanced to experience level 6. On T:2704 you reached level 3 of The Gnomish Mines. On T:2951 you advanced to experience level 7. Score breakdown: Gold: 794 ( 9866 points) Experience: 7 levels (13645 points) Exploration: 7 levels ( 14.58%) (10718 points) Discoveries: 6 items ( 2.44%) ( 4685 points) Valuables value: (no points given unless you survive) Artifact value: 0 ( 0 points) Variety of kills: 27 monsters ( 7.09%) ( 7986 points) Turncount: 2989 turns ( -594 points) Survival: died (score multiplied by 80%) Total score: 37044 Latest messages: You see here an orange potion (225 zorkmids). You see here an elven dagger (36 zorkmids). "Irasshaimase, Makabe! Welcome to Ymla's hardware store!" You see here a credit card (15 zorkmids). You see here a key (15 zorkmids). You see here a brass lantern (18 zorkmids). You see here a pair of lenses (120 zorkmids). You see here a credit card (15 zorkmids). You hear water falling on coins. (2x) This door is locked. That door is closed. As you kick the door, it crashes open! You hit the gnome king. (2x) The gnome king wields an aklys! You hit the gnome king! The gnome king swings his aklys. The gnome king hits! You miss the gnome king. The gnome king swings his aklys. The gnome king hits! You die... Final status: Sayonara Makabe the Samurai, killed by a gnome king... You died in The Gnomish Mines on dungeon level 7 with 37044 points, and 794 pieces of gold, after 2989 moves. You were level 7 with a maximum of 73 hit points when you died.